 Dungeon Crawl Stone Soup version 0.20.1-1-g8b1a95d (webtiles) character file.

9044 Linguinho the Soothsayer (level 11, -21/81 HPs)
             Began as a Demonspawn Fighter on Nov 12, 2017.
             Was a Priest of Nemelex Xobeh.
             Killed from afar by a lich (31 damage)
             ... with a bolt of acid
             ... on level 2 of the Abyss on Nov 13, 2017.
             The game lasted 00:41:26 (12539 turns).

Linguinho the Soothsayer (Demonspawn Fighter)      Turns: 12539, Time: 00:41:27

Health: -21/81     AC: 21    Str: 19      XL:     11   Next: 17%
Magic:  0/17       EV:  5    Int: 10 (12) God:    Nemelex Xobeh [***...]
Gold:   409        SH: 12    Dex: 16      Spells: 10/10 levels left

rFire    . . .     SeeInvis .   j - +8 hand axe of Masomnij {drain, Int+3 Dex+2}
rCold    . . .     Gourm    .   c - +1 shield
rNeg     . . .     Faith    .   G - +3 plate armour {MR+}
rPois    .         Spirit   +   (helmet restricted)
rElec    .         Reflect  .   x - +0 cloak
rCorr    .         Harm     .   m - +0 pair of gloves
MR       +....                  (no boots)
Stlth    ..........             (no amulet)
Regen    0.3/turn               n - ring of flight
MPRegen  0.3/turn               o - ring of flight

@: very slightly contaminated, drained, invisible
A: antennae 2, icy blue scales 2, demonic guardian 1, magic shield, magic
regeneration
a: Triple Draw, Renounce Religion, Evoke Flight


You were on level 2 of the Abyss.
You worshipped Nemelex Xobeh.
Nemelex Xobeh was most pleased with you.
You were very hungry.

You visited 2 branches of the dungeon, and saw 11 of its levels.
You visited the Abyss 1 time.

You collected 409 gold pieces.

Inventory:

Hand Weapons
 a - a +1 war axe
 b - a +2 morningstar of protection
 j - the +8 hand axe of Masomnij (weapon) {drain, Int+3 Dex+2}
   (You found it on level 7 of the Dungeon)

   A truly terrible weapon, it drains the life of those it strikes.
   It affects your intelligence (+3).
   It affects your dexterity (+2).
 s - a +0 whip of freezing
 C - a +2 flail of venom
 Q - a +0 whip of flaming
 S - a cursed -2 hand axe
Missiles
 E - 11 tomahawks (quivered)
Armour
 c - a +1 shield (worn)
 m - a +0 pair of gloves (worn)
 x - a +0 cloak (worn)
 G - a +3 plate armour of magic resistance (worn)
 T - a +2 leather armour of fire resistance
 W - a +4 chain mail
Jewellery
 g - an uncursed ring of resist corrosion {unknown}
 n - a ring of flight (left hand)
 o - a ring of flight (right hand)
 P - an uncursed ring of wizardry
Wands
 K - a wand of flame (38/48)
 N - a wand of acid (4/15)
 X - a wand of polymorph (15/24)
 Y - a wand of digging (12/24)
Scrolls
 d - 2 scrolls of fear
 e - 3 scrolls of teleportation
 h - a scroll of torment {unknown}
 l - 2 scrolls of fog
 y - 3 scrolls of recharging
 A - 2 scrolls of enchant armour
 F - a scroll of amnesia {unknown}
 H - a scroll of vulnerability {unknown}
 I - a scroll of magic mapping
 M - 2 scrolls of immolation {unknown}
 R - a scroll of remove curse
 U - a scroll of brand weapon {unknown}
Potions
 k - 2 potions of invisibility
 q - 4 potions of lignification
 v - 2 potions of agility
 w - 3 potions of curing
 B - a potion of magic
 D - a potion of mutation
 L - a potion of haste
 V - a potion of flight
Books
 i - a Young Poisoner's Handbook

   Spells                             Type                      Level
   a - Sting                          Conjuration/Poison           1
   b - Poisonous Vapours              Poison/Air                   2
   c - Mephitic Cloud                 Conjuration/Poison/Air       3
   d - Olgreb's Toxic Radiance        Poison                       4
   e - Venom Bolt                     Conjuration/Poison           5
 p - a book of Minor Magic

   Spells                             Type                      Level
   a - Magic Dart                     Conjuration                  1
   b - Blink                          Translocation                2
   c - Call Imp                       Summoning                    2
   d - Slow                           Hexes                        2
   e - Conjure Flame                  Conjuration/Fire             3
   f - Mephitic Cloud                 Conjuration/Poison/Air       3
Miscellaneous
 J - a plain deck of summoning {drawn: 1}
 O - a lightning rod (1/4)
Comestibles
 f - 4 bread rations
 r - 5 royal jellies
 t - 16 fruits
 z - 7 meat rations


   Skills:
 + Level 6.2(5.9) Fighting
 + Level 7.4(8.0) Axes
 + Level 5.5(7.1) Maces & Flails
 + Level 7.2(7.0) Armour
 - Level 1.1(0.9) Dodging
 - Level 0.4(0.1) Stealth
 + Level 8.2(7.9) Shields
 * Level 9.0(8.7) Invocations
 + Level 0.6(0.3) Evocations


You had 10 spell levels left.
You didn't know any spells.

Dungeon Overview and Level Annotations

Branches:
Dungeon (10/15)            Temple (1/1) D:4             Orc (0/2) D:9
   Lair: D:8-11

Altars:
Ashenzari
Cheibriados
Dithmenos
Elyvilon
Fedhas
Gozag
Hepliaklqana
Kikubaaqudgha
Makhleb
Nemelex Xobeh
Okawaru
Qazlal
Ru
Sif Muna
Trog
Uskayaw
Vehumet
Xom
Yredelemnul
Zin
The Shining One

Annotations:
D:10 Sonja


Innate Abilities, Weirdness & Mutations

You have a pair of antennae on your head.
You are mostly covered in icy blue scales. (AC +3)
A weak demonic guardian rushes to your aid.
When hurt, damage is shared between your health and your magic reserves.
You regenerate magic rapidly.


Message History

You resist with significant effort. The storm dragon skeleton bites you!
* * * LOW HITPOINT WARNING * * *
You block the storm dragon skeleton's attack.
The storm dragon skeleton barely misses you.
Blink to where?
Press: ? - help, Dir - move target cursor
As you read the scroll of blinking, it crumbles to dust.
Something hits your iron imp.
Your iron imp dies!
The glowing orange brain pulsates.
The glowing orange brain pulsates.
The glowing orange brain radiates an aura of fear!
You are terrified of the glowing orange brain!
You feel yourself growing ill in the presence of the ancient zyme.
The glowing orange brain looks sick.
You are no longer terrified.
The lich casts a spell at you. The bolt of acid hits you!
You die...
Your body glows with a rainbow of weird colours and disappears.

... .. # .# ..
#.## . ..
####...##.##
.....#...#.
#.#.#..## .. ##
#...@..### #.#
#.....#....#....
###.. #.##..L.Z#
## #.#
#.##...x..G§.#
#. ##
#...##.X##. .
#...#.#...{
.##....#*
.##.##..#
.####.#.#


You could see a lich, an ancient zyme and a storm dragon skeleton.

Vanquished Creatures
  A starcursed mass (Abyss:2)
  A two-headed ogre (D:9)
  The ghost of raph the Carver, a novice MiGl of Ashenzari (D:9)
  Pikel (D:5)
  An ugly thing (D:10)
  A freezing wraith (Abyss:2)
  A troll (D:8)
  A hornet (D:9)
  A hippogriff (D:9)
  Eustachio (D:4)
  4 yaks (D:9)
  Edmund (D:6)
  An ice beast (D:8)
  2 orc warriors
  A sky beast (D:7)
  2 phantoms
  3 ogres
  2 centaurs
  A big kobold (D:7)
  2 gnoll sergeants
  4 bullfrogs
  13 killer bees
  4 howler monkeys
  An electric eel (D:10)
  5 crimson imps
  A centaur zombie (D:7)
  A quasit (D:9)
  3 orc priests
  2 gnoll shamans
  A jelly (D:6)
  5 hounds
  A bullfrog skeleton (D:6)
  A centaur skeleton (D:7)
  4 iguanas
  Jessica (D:2)
  Terence (D:2)
  8 orc wizards
  5 worker ants
  2 hound skeletons
  A hound zombie (D:5)
  A worker ant zombie (D:7)
  11 adders
  17 gnolls
  A howler monkey skeleton (D:9)
  2 oozes
  An adder zombie (D:9)
  3 adder skeletons
  4 worms
  A dart slug (D:3)
  3 leopard geckos (D:2)
  26 orcs
  A ball python (D:6)
  5 giant cockroaches
  6 goblins
  5 hobgoblins
  21 jackals
  10 kobolds
  5 quokkas
  3 bats
  3 frilled lizards
  A leopard gecko zombie (D:5)
  A quokka skeleton (D:9)
  6 rats
230 creatures vanquished.

Vanquished Creatures (collateral kills)
  An ugly thing (D:9)
  2 yaks (D:9)
  A hungry ghost (D:9)
  A sky beast (D:8)
  2 centaurs
  A bullfrog (D:6)
  6 killer bees
  2 howler monkeys
  A hound (D:4)
  2 orc wizards
  2 worker ants
  A hound skeleton (D:4)
  6 gnolls
  A leopard gecko (D:8)
  8 orcs
  A jackal (D:4)
  A goblin (D:2)
39 creatures vanquished.

Vanquished Creatures (others)
  A slave (D:5)
  An orc warrior (D:7)
  A bullfrog (D:7)
  A crimson imp (D:7)
  3 orc wizards
  A shadow imp (D:5)
  2 orcs
10 creatures vanquished.

Grand Total: 279 creatures vanquished

Notes
Turn   | Place    | Note
-------+----------+-------------------------------------------
     0 | D:1      | Linguinho the Demonspawn Fighter began the quest for the Orb.
     0 | D:1      | Reached XP level 1. HP: 18/18 MP: 1/1
   166 | D:1      | Gained mutation: When hurt, damage is shared between your health and your magic reserves. [demonic ancestry]
   166 | D:1      | Reached XP level 2. HP: 24/24 MP: 2/2
   710 | D:1      | Gained mutation: A weak demonic guardian rushes to your aid. [demonic ancestry]
   710 | D:1      | Reached XP level 3. HP: 29/29 MP: 3/3
  1292 | D:2      | Reached XP level 4. HP: 23/35 MP: 4/4
  1601 | D:2      | Noticed Jessica
  1603 | D:2      | Killed Jessica
  1811 | D:2      | Noticed Terence
  1821 | D:2      | Killed Terence
  1821 | D:2      | Reached XP level 5. HP: 39/41 MP: 5/5
  2615 | D:3      | Reached skill level 1 in Dodging
  3081 | D:3      | Found an opulent altar of Gozag.
  3087 | D:3      | Found a stormy altar of Qazlal.
  3087 | D:3      | Found a burning altar of Makhleb.
  3087 | D:3      | Found a shadowy altar of Dithmenos.
  3093 | D:3      | Found an ancient bone altar of Kikubaaqudgha.
  3097 | D:3      | Found a basalt altar of Yredelemnul.
  3362 | D:4      | Noticed Eustachio
  4213 | D:4      | Found a staircase to the Ecumenical Temple.
  4237 | Temple   | Entered the Ecumenical Temple
  4328 | Temple   | Became a worshipper of Nemelex Xobeh the Trickster
  4442 | D:5      | Entered Level 5 of the Dungeon
  4665 | D:5      | Received a gift from Nemelex Xobeh
  4691 | D:5      | Gained mutation: You are partially covered in icy blue scales. (AC +2) [demonic ancestry]
  4691 | D:5      | Reached XP level 6. HP: 45/47 MP: 4/6
  4852 | D:5      | Reached skill level 1 in Invocations
  5182 | D:5      | Found a burning altar of Makhleb.
  5218 | D:5      | Noticed a slave
  5220 | D:5      | Noticed Pikel
  5221 | D:5      | Noticed a slave
  5223 | D:5      | Noticed a slave
  5225 | D:5      | Noticed a slave
  5248 | D:5      | Killed Pikel
  5248 | D:5      | Reached skill level 3 in Invocations
  5248 | D:5      | Gained mutation: You regenerate magic rapidly. [demonic ancestry]
  5248 | D:5      | Reached XP level 7. HP: 28/53 MP: 4/9
  6175 | D:4      | Reached skill level 5 in Armour
  6306 | D:4      | Gained mutation: You have a pair of small antennae on your head. [demonic ancestry]
  6306 | D:4      | Reached XP level 8. HP: 60/60 MP: 10/10
  6328 | D:4      | Killed Eustachio
  6328 | D:4      | Reached skill level 1 in Maces & Flails
  6328 | D:4      | Reached skill level 5 in Shields
  6491 | D:4      | Found an iron altar of Okawaru.
  6862 | D:6      | Noticed Edmund
  6867 | D:5      | Reached skill level 4 in Invocations
  7315 | D:6      | Killed Edmund
  7345 | D:6      | Found a radiant altar of Vehumet.
  7435 | D:6      | Received a gift from Nemelex Xobeh
  7448 | D:6      | Noticed an angel
  7449 | D:6      | Found a glowing silver altar of Zin.
  7555 | D:6      | Found a bloodstained altar of Trog.
  7562 | D:6      | Reached * piety under Nemelex Xobeh
  7575 | D:6      | Reached skill level 5 in Invocations
  7598 | D:6      | Found a sparkling altar of Nemelex Xobeh.
  7854 | D:7      | Gained mutation: You are mostly covered in icy blue scales. (AC +3) [demonic ancestry]
  7854 | D:7      | Reached XP level 9. HP: 23/66 MP: 5/13
  8429 | D:7      | Got a brightly glowing hand axe
  8805 | D:7      | Reached skill level 6 in Invocations
  9124 | D:7      | Found a shattered altar of Ashenzari.
  9456 | D:8      | Reached skill level 5 in Fighting
  9509 | D:8      | Reached skill level 5 in Maces & Flails
  9525 | D:8      | Reached skill level 7 in Invocations
  9868 | D:8      | Found a snail-covered altar of Cheibriados.
 10072 | D:8      | Noticed a troll
 10080 | D:8      | Killed a troll
 10186 | D:8      | Reached ** piety under Nemelex Xobeh
 10280 | D:8      | Gained mutation: You have a pair of antennae on your head. [demonic ancestry]
 10280 | D:8      | Reached XP level 10. HP: 74/74 MP: 15/15
 10502 | D:8      | Identified the +8 hand axe of Masomnij {drain, Int+3 Dex+2} (You found it on level 7 of the Dungeon)
 10609 | D:9      | Reached skill level 5 in Axes
 10766 | D:9      | Noticed raph's ghost (novice MiGl)
 11132 | D:9      | Killed raph's ghost
 11480 | D:9      | Noticed a green ugly thing
 11490 | D:9      | Killed a green ugly thing
 11588 | D:9      | Found a staircase to the Orcish Mines.
 11597 | D:9      | Reached skill level 8 in Invocations
 11875 | D:9      | Noticed a two-headed ogre
 11891 | D:9      | Killed a two-headed ogre
 12004 | D:10     | Entered Level 10 of the Dungeon
 12004 | D:10     | Noticed a white ugly thing
 12176 | D:10     | Killed a white ugly thing
 12231 | D:10     | Reached XP level 11. HP: 63/81 MP: 15/17
 12270 | D:10     | Reached *** piety under Nemelex Xobeh
 12297 | D:10     | Noticed Sonja
 12297 | D:10     | Cast into level 2 of the Abyss (Sonja)
 12299 | Abyss:2  | Found a corrupted altar of Lugonu.
 12328 | Abyss:2  | Noticed a starcursed mass
 12366 | Abyss:2  | Killed a starcursed mass
 12412 | Abyss:2  | Reached skill level 9 in Invocations
 12509 | Abyss:2  | Noticed a lich
 12515 | Abyss:2  | Noticed a large abomination
 12527 | Abyss:2  | Noticed a glowing orange brain
 12539 | Abyss:2  | Killed from afar by a lich

Skill      XL: |  1  2  3  4  5  6  7  8  9 10 11 |
---------------+----------------------------------+-----
Axes           | 2 3 4 6 7 |  7.4
Shields        | 3 4 5 7 8 |  8.2
Armour         | 3 4 5 6 7 |  7.2
Dodging        | 1 |  1.1
Invocations    | 3 5 7 8 9 |  9.0
Maces & Flails | 3 5 |  5.5
Fighting       | 4 5 6 |  6.2
Stealth        | |  0.4
Evocations     | |  0.6

Action                   |  1- 3 |  4- 6 |  7- 9 | 10-12 || total
-------------------------+-------+-------+-------+-------++-------
Melee: War axe           |    80 |   264 |       |       ||   344
       Whip              |       |       |    90 |       ||    90
       Morningstar       |       |       |    92 |       ||    92
       Flail             |       |       |   321 |       ||   321
       Hand axe          |       |       |       |   269 ||   269
Throw: Tomahawk          |       |       |       |     4 ||     4
Evoke: Deck              |       |       |     6 |     1 ||     7
       Lightning rod     |       |       |       |     3 ||     3
  Use: Potion            |     1 |     3 |     5 |     3 ||    12
       Scroll            |       |    12 |     2 |     8 ||    22
 Stab: Distracted        |       |       |     2 |     4 ||     6
  Eat: Chunk             |     1 |     8 |    15 |     3 ||    27
       Meat ration       |       |     1 |       |       ||     1
       Royal jelly       |       |       |     1 |       ||     1
       Bread ration      |       |       |       |     1 ||     1
Armor: Scale mail        |    69 |   141 |       |       ||   210
       Chain mail        |       |    18 |   180 |       ||   198
       Plate armour      |       |       |   279 |   113 ||   392
       Skin              |       |       |     3 |       ||     3
Dodge: Dodged            |    37 |   104 |   146 |    34 ||   321
Block: Shield            |    51 |   171 |   422 |   154 ||   798
